 Dungeon Crawl Stone Soup version 0.29-a0-364-g921d912d32 (webtiles) character file.

Game seed: 6405251077233523913

1129 jlumianski the Chopper (level 8, -6/61 HPs)
             Began as a Demonspawn Fighter on Apr 30, 2022.
             Was a Follower of Wu Jian.
             Killed from afar by Pikel (34 damage)
             ... with a bolt of acid
             ... on level 6 of the Dungeon.
             The game lasted 00:19:33 (5992 turns).

jlumianski the Chopper (Demonspawn Fighter)         Turns: 5992, Time: 00:19:34

Health: -6/61      AC:  9    Str: 19    XL:     8   Next: 13%
Magic:  8/8        EV: 11    Int:  9    God:    Wu Jian [*.....]
Gold:   208        SH: 10    Dex: 13    Spells: 7/7 levels left

rFire   + . .      SeeInvis .   w - +0 hand axe (vamp)
rCold   . . .      Faith    .   c - +1 buckler
rNeg    . . .      Spirit   .   p - +0 chain mail
rPois   +          Reflect  .   (helmet restricted)
rElec   .          Harm     .   (no cloak)
rCorr   .          Rampage  .   (no gloves)
Will    .....      Clarity  +   (no boots)
Stlth   ..........              (no amulet)
HPRegen 0.20/turn               j - ring of poison resistance
MPRegen 0.11/turn               C - +4 ring of evasion

@: corroded
A: antennae 2, icemail 1, condensation shield, talons 1, clarity, fire
resistance 1
a: Renounce Religion


You were on level 6 of the Dungeon.
You worshipped Wu Jian.
Wu Jian was aware of your devotion.
You visited 1 branch of the dungeon, and saw 6 of its levels.
You also visited: Sewer.

You collected 208 gold pieces.

Inventory:

Hand Weapons
 a - a +1 war axe
 s - a +2 short sword of speed
 w - a +0 vampiric hand axe (weapon)
 E - a +2 whip of draining
Missiles
 f - 20 poisoned darts
 g - 109 stones
 n - 8 javelins (quivered)
 r - a curare-tipped dart
 B - 5 atropa-tipped darts
Armour
 b - a +0 scale mail
 c - a +1 buckler (worn)
 p - a +0 chain mail (worn)
 z - a +1 hat
Magical Staves
 G - a staff of earth
Jewellery
 j - a ring of poison resistance (left hand)
 k - a ring of see invisible
 q - a ring of wizardry
 C - a +4 ring of evasion (right hand)
Wands
 y - a wand of flame (12)
 A - a wand of polymorph (9)
 F - a wand of mindburst (10)
Scrolls
 i - 3 scrolls of amnesia
 x - 5 scrolls of identify
 D - 2 scrolls of teleportation
Potions
 d - 2 potions of might
 e - a potion of brilliance
 h - 3 potions of mutation
 l - 3 potions of flight
 m - a potion of ambrosia
 o - a potion of heal wounds
 t - 3 potions of curing
 u - 2 potions of degeneration
 v - 2 potions of lignification


   Skills:
 + Level 4.9 Fighting
 + Level 5.9 Axes
 + Level 0.8 Throwing
 + Level 4.8 Armour
 + Level 1.1 Dodging
 + Level 1.0 Stealth
 + Level 4.1 Shields


You had 7 spell levels left.
You didn't know any spells.
Your spell library was empty.

Dungeon Overview and Level Annotations

Branches:
Dungeon (6/15)              Sewer (visited)
 Temple: D:4-7

Altars:
Dithmenos
Hepliaklqana
Makhleb
Ru
Uskayaw
Vehumet
Wu Jian

Annotations:
D:6 Pikel


Innate Abilities, Weirdness & Mutations

You have a pair of antennae on your head.
A meltable icy envelope protects you from harm. (AC +4)
A meltable shield of frost defends you. (SH +4)
You have sharp toenails.
You possess an exceptional clarity of mind.
Your flesh is heat resistant. (rF+)


Message History

o - 2 potions of heal wounds (gained 1) As you open the door, it creaks loudly!
Pikel and 3 lemures come into view.
Pikel is wielding a +0 whip of electrocution and carrying a wand of acid (13).
Pikel shouts!
The lemure shouts! x2
Pikel zaps a wand.
The bolt of acid hits you! The acid corrodes you!
A lemure comes into view.
The lemure shouts!
There is an open door here.
You lunge at the lemure.
You hit the lemure. Your kick misses the lemure.
The lemure is moderately wounded.
You spin and attack the lemure.
You hit the lemure.
The lemure is lightly wounded.
The lemure closely misses you.
You hit Pikel but do no damage. Your kick misses Pikel.
You hit the lemure but do no damage. The lemure hits you.
You barely miss Pikel. Your kick misses Pikel.
You hit the lemure but do no damage. You closely miss the lemure.
Pikel waves his whip at you.
Pikel hits you with a +0 whip of electrocution.
The lemure hits you. The lemure hits you but does no damage.
You hit Pikel. Your kick misses Pikel.
Pikel is lightly wounded.
You barely miss the lemure. You hit the lemure but do no damage.
You hit the lemure. Pikel closely misses you. The lemure misses you.
The lemure hits you but does no damage. The lemure barely misses you.
You hit Pikel but do no damage. Your kick misses Pikel.
Pikel is lightly wounded.
You hit the lemure but do no damage. x3; Pikel zaps a wand.
The bolt of acid hits you!!
* * * LOW HITPOINT WARNING * * *
You block the lemure's attack. x2; Pikel closely misses you.
The lemure hits you.
* * * LOW HITPOINT WARNING * * *
The lemure hits you but does no damage. The lemure completely misses you.
Okay, then.
Unknown command.
You feel much better.
Pikel zaps a wand.
The bolt of acid hits you!!
Ouch! That really hurt!
You die...

######### #########
#.......####.......#
#.......#..#.......#
#.......#..#.......#
#.......#..#.......#
#.......#..'.......#
#######.5K5...#..#.......#
#.....#.5@5...####.......#
#.....###'######..........
#..............#..........
#..............#..........
#..............#..........
..................'..........
...#########...>...#..........
.. #########.......... #
#....########


You could see Pikel and 4 lemures.

Vanquished Creatures
  Grinder (D:4)
  A water moccasin (D:6)
  An ice beast (D:5)
  A phantom (D:5)
  2 kobold brigands (Sewer)
  A scorpion (D:4)
  A jelly (D:5)
  3 orc priests
  A hound (D:4)
  An iguana (D:4)
  7 adders
  8 gnolls (D:4)
  2 river rats
  An ufetubus (D:4)
  3 worms
  4 dart slugs
  9 orcs
  8 ball pythons
  9 bats
  7 endoplasms
  5 giant cockroaches
  6 hobgoblins
  7 jackals
  8 kobolds
  4 quokkas
  4 frilled lizards
  11 goblins
  6 rats
122 creatures vanquished.

Vanquished Creatures (collateral kills)
  A ball python (D:4)
1 creature vanquished.

Grand Total: 123 creatures vanquished

Notes
Turn   | Place    | Note
-------+----------+-------------------------------------------
     0 | D:1      | jlumianski the Demonspawn Fighter began the quest for the
                  | Orb.
     0 | D:1      | Reached XP level 1. HP: 18/18 MP: 1/1
   140 | D:1      | Gained mutation: A meltable shield of frost defends you.
                  | (SH +4) [demonic ancestry]
   140 | D:1      | Reached XP level 2. HP: 11/24 MP: 2/2
   148 | D:1      | Reached skill level 2 in Axes
   634 | D:1      | Gained mutation: You have a pair of small antennae on your
                  | head. [demonic ancestry]
   634 | D:1      | Reached XP level 3. HP: 28/29 MP: 3/3
  1579 | D:2      | You fall into a shaft and drop 1 floor!
  1641 | D:3      | Reached XP level 4. HP: 26/35 MP: 4/4
  1648 | D:3      | HP: 1/35 [worm (4)]
  1652 | D:3      | Found a glowing drain.
  1667 | Sewer    | Entered a sewer
  1668 | Sewer    | Gained mutation: You possess an exceptional clarity of
                  | mind. [potion of mutation]
  1668 | Sewer    | Gained mutation: You have sharp toenails. [potion of
                  | mutation]
  1668 | Sewer    | Gained mutation: Your flesh is heat resistant. (rF+)
                  | [potion of mutation]
  1673 | Sewer    | Reached skill level 3 in Axes
  2003 | Sewer    | Noticed a kobold brigand
  2004 | Sewer    | Noticed a kobold brigand
  2017 | Sewer    | Killed a kobold brigand
  2018 | Sewer    | Reached XP level 5. HP: 17/42 MP: 5/5
  2023 | Sewer    | Reached skill level 4 in Axes
  2311 | D:2      | Found a faded altar of an unknown god.
  2998 | D:2      | Reached XP level 6. HP: 40/48 MP: 6/6
  3736 | D:3      | Found a shadowy altar of Dithmenos.
  3742 | D:3      | Found a hide-covered altar of Uskayaw.
  3743 | D:3      | Found a burning altar of Makhleb.
  3743 | D:3      | Found a radiant altar of Vehumet.
  3744 | D:3      | Found a hazy altar of Hepliaklqana.
  3744 | D:3      | Found a sacrificial altar of Ru.
  3745 | D:3      | Found an ornate altar of the Wu Jian Council.
  3788 | D:3      | Became a worshipper of the Wu Jian Council
  4200 | D:5      | Entered Level 5 of the Dungeon
  4350 | D:4      | Gained mutation: You have a pair of antennae on your head.
                  | [demonic ancestry]
  4350 | D:4      | Reached XP level 7. HP: 45/54 MP: 7/7
  4409 | D:4      | Noticed Grinder
  4439 | D:4      | Killed Grinder
  4440 | D:4      | Reached skill level 5 in Axes
  4440 | D:4      | Reached skill level 1 in Dodging
  5063 | D:5      | Reached * piety under Wu Jian
  5570 | D:5      | Gained mutation: A meltable icy envelope protects you from
                  | harm. (AC +4) [demonic ancestry]
  5570 | D:5      | Reached XP level 8. HP: 55/61 MP: 8/8
  5794 | D:6      | Reached skill level 1 in Stealth
  5985 | D:6      | Noticed Pikel
  5992 | D:6      | Killed from afar by Pikel

Illustrated notes

Levels and vault maps discovered:
D:1:      dpeg_arrival_round_a, layout_rooms, serial_curves, eino_curves_01,
          eino_curves_02
D:2:      layout_basic, chequers_ecumenical_altar_island
D:3:      layout_loops_ring, grunt_temple_overflow_open,
          cheibrodos_sewer_entry_sluice
D:4:      layout_basic, uniq_grinder
D:5:      layout_basic
D:6:      layout_gridville, hangedman_decor_opposing, nicolae_stop_n_shop_2,
          uniq_pikel

Skill      XL: |  1  2  3  4  5  6  7  8 |
---------------+-------------------------+-----
Axes           | 2 3 4 5 |  5.9
Shields        | 3 4 |  4.1
Armour         | 3 4 |  4.8
Fighting       | 4 |  4.9
Dodging        | 1 |  1.1
Stealth        | 1 |  1.0
Throwing       | |  0.8

Action                   |  1- 3 |  4- 6 |  7- 9 || total
-------------------------+-------+-------+-------++-------
Melee: War axe           |   140 |    88 |       ||   228
       Kick              |       |    36 |    28 ||    64
       Hand axe          |       |    85 |   113 ||   198
Throw: Javelin           |       |     2 |     3 ||     5
Invok: Lunge             |       |     8 |     9 ||    17
       Whirlwind         |       |       |     8 ||     8
  Use: Potion            |     1 |     5 |     1 ||     7
       Scroll            |     4 |     6 |       ||    10
Armor: Scale mail        |    40 |       |       ||    40
       Chain mail        |    26 |    86 |    35 ||   147
Dodge: Dodged            |    57 |    49 |    37 ||   143
Block: Buckler           |    69 |    62 |    44 ||   175

Table legend: (Time is in decaauts)
 A = Elapsed time spent in this place.
 B = Non-inter-level travel time spent in this place.
 C = Inter-level travel time spent in this place.
 D = Time resting spent in this place.
 E = Time spent auto-exploring this place.
 F = Levels seen in this place.
 G = Mean time per level.
                   A        B        C        D        E       F      G
               +--------+--------+--------+--------+--------+-----+--------+
         Total |   6145 |   6000 |    145 |   1331 |   2694 |   7 |  877.9 |
       Dungeon |   5475 |   5330 |    145 |    880 |   2621 |   6 |  912.5 |
         Sewer |    670 |    670 |      0 |    451 |     73 |   1 |  670.0 |
               +--------+--------+--------+--------+--------+-----+--------+

Top non-repeatable levels by time:
     D:2: 1306 daAuts
     D:4: 1183 daAuts
     D:3: 1074 daAuts
     D:1: 933 daAuts
     D:5: 744 daAuts
   Sewer: 670 daAuts
     D:6: 232 daAuts
